 Dungeon Crawl Stone Soup version 0.27.1-3-gb3d3a73c9e (webtiles) character file.

Game seed: 12356088472202336342

2286 ders the Spear-Bearer (level 9, -15/124 HPs)
             Began as a Minotaur Berserker on Oct 30, 2021.
             Was an Elder of Trog.
             Demolished by a phantasmal warrior (28 damage)
             ... led by a death knight
             ... on level 7 of the Dungeon.
             The game lasted 00:20:53 (8400 turns).

ders the Spear-Bearer (Minotaur Berserker)          Turns: 8400, Time: 00:20:53

Health: -15/124    AC: 15    Str: 25    XL:     9   Next: 17%
Magic:  8/8        EV:  7    Int:  4    God:    Trog [****..]
Gold:   293        SH:  0    Dex: 10    Spells: 8/8 levels left

rFire    . . .     SeeInvis .   x - +6 short sword
rCold    . . .     Faith    .   (no shield)
rNeg     . . .     Spirit   .   c - +0 plate armour
rPois    .         Reflect  .   (helmet restricted)
rElec    .         Harm     .   (no cloak)
rCorr    .         Rampage  .   (no gloves)
Will     .....                  (no boots)
Stlth    ..........             (no amulet)
HPRegen  0.30/turn              e - +4 ring of protection
MPRegen  0.11/turn              t - ring of willpower

@: berserking, weak-willed, very quick
A: horns 2, retaliatory headbutt
a: Renounce Religion, Berserk, Trog's Hand, Brothers in Arms


You were on level 7 of the Dungeon.
You worshipped Trog.
Trog was greatly pleased with you.
You visited 1 branch of the dungeon, and saw 7 of its levels.

You collected 293 gold pieces.

Inventory:

Hand Weapons
 a - a +0 spear
 s - a +1 dagger of venom
 x - a +6 short sword (weapon)
Missiles
 A - a throwing net (quivered)
Armour
 b - a +0 animal skin
 c - a +0 plate armour (worn)
Jewellery
 e - a +4 ring of protection (left hand)
 g - a ring of ice
 t - a ring of willpower (right hand)
 B - a ring of positive energy
Wands
 m - a wand of iceblast (8)
 n - a wand of paralysis (1)
 o - a wand of acid (7)
Scrolls
 d - a scroll of enchant weapon
 f - 4 scrolls of amnesia
 h - a scroll of vulnerability
 i - a scroll of noise
 l - a scroll of brand weapon {unknown}
 p - a scroll of blinking {unknown}
 q - a scroll of immolation {unknown}
 u - 2 scrolls of silence {unknown}
 v - a scroll of holy word {unknown}
 w - a scroll of enchant armour {unknown}
 y - a scroll of identify
Potions
 j - a potion of ambrosia
 k - a potion of mutation
 r - 3 potions of resistance
 z - 2 potions of curing


   Skills:
 * Level 9.1 Fighting
 * Level 3.3 Short Blades
 - Level 3.8(7.7) Axes
 - Level 10.3(10.9) Polearms
 - Level 4.0(7.7) Staves
 - Level 2.4 Armour
 - Level 2.1 Dodging


You had 8 spell levels left.
You didn't know any spells.
Your spell library was empty.

Dungeon Overview and Level Annotations

Branches:
Dungeon (7/15)             Temple (0/1) D:6

Altars:
Ashenzari
Cheibriados
Fedhas
Hepliaklqana
Makhleb
Ru
The Shining One

Shops:
D:2 :


Innate Abilities, Weirdness & Mutations

You have a pair of horns on your head.
You reflexively headbutt those who attack you in melee.


Message History

You feel a bit more experienced.
Your Fighting skill increases to level 9!
A skeletal warrior comes into view. It is wielding a +4 dire flail.
Found a scale mail.
A phantasmal warrior comes into view.
The skeletal warrior hits you with a +4 dire flail!!
Press: ? - help, v - describe, . - travel
Here: a skeletal warrior, wielding a +4 dire flail The floor, spattered with blood.
Unknown command.
Unknown command.
As you read the scroll labelled NOOSAN AKEB, it crumbles to dust.
It is a scroll of amnesia.
You feel forgetful for a moment.
The skeletal warrior completely misses you.
You furiously retaliate!
You headbutt the skeletal warrior, but do no damage.
As you read the scroll labelled YSADGH YC IHETT, it crumbles to dust.
Magic quickly surges around you.
It was a scroll of vulnerability.
The phantasmal warrior blinks!
The skeletal warrior hits you with a +4 dire flail.
As you read the scroll labelled ZYCYWA POIROO, it crumbles to dust.
You hear a loud clanging noise!
It was a scroll of noise.
The skeletal warrior hits you with a +4 dire flail!!
* * * LOW HITPOINT WARNING * * *
Something unseen opens the large door.
Unknown command.
A red film seems to cover your vision as you go berserk!
You feel yourself moving faster!
You feel mighty! The phantasmal warrior hits you.
* * * LOW HITPOINT WARNING * * *
The skeletal warrior barely misses you. You furiously retaliate!
You headbutt the skeletal warrior!
You feel a strong urge to attack something.
The phantasmal warrior hits you!!
* * * LOW HITPOINT WARNING * * *
A death knight comes into view. It is wielding a +1 battleaxe.
The phantasmal warrior hits you!!
You die...

#........#.................###
#........#..#..............#
######+#.#..#......[.......#
#...#.......##.#.#.#..#
#.####.#..######.#+##.#
#.........# #. .# ########.##
#.# #@####### #.W..[..#
#.z.....# #.......# #.......''
##......p.. #.........
#......... #.........


You could see a death knight, a skeletal warrior (weak-willed) and a phantasmal
warrior (weak-willed).

Vanquished Creatures
  Menkaure (D:4)
  A water moccasin (D:5)
  2 necrophages (D:6)
  An ice beast (D:7)
  2 ogres (D:6)
  2 sky beasts
  A phantom (D:4)
  A kobold brigand (D:4)
  3 bullfrogs
  3 scorpions
  A water moccasin zombie (D:6)
  A howler monkey (D:3)
  3 wights (D:6)
  A centaur zombie (D:4)
  4 jellies
  3 hounds
  2 orc priests
  2 iguanas
  3 orc wizards
  A hound skeleton (D:4)
  3 gnolls (D:4)
  15 adders
  A white imp (D:6)
  6 dart slugs
  12 orcs
  7 ball pythons
  5 bats
  14 endoplasms
  3 giant cockroaches
  6 hobgoblins
  3 jackals (D:3)
  3 quokkas
  4 frilled lizards
  11 goblins
  16 kobolds
  9 rats
156 creatures vanquished.

Vanquished Creatures (others)
  3 fungi (D:3)
  7 toadstools (D:3)
10 creatures vanquished.

Grand Total: 166 creatures vanquished

Notes
Turn   | Place    | Note
-------+----------+-------------------------------------------
     0 | D:1      | ders the Minotaur Berserker began the quest for the Orb.
     0 | D:1      | Reached XP level 1. HP: 19/19 MP: 0/0
   358 | D:1      | Reached XP level 2. HP: 27/27 MP: 1/1
   436 | D:1      | Reached skill level 4 in Polearms
   828 | D:1      | Reached ** piety under Trog
   987 | D:1      | Reached XP level 3. HP: 31/33 MP: 2/2
  1173 | D:2      | Found Gepnini's Book Shop.
  1597 | D:2      | Reached skill level 1 in Axes
  1756 | D:2      | Reached skill level 1 in Staves
  1756 | D:2      | Reached XP level 4. HP: 41/41 MP: 3/3
  2247 | D:3      | Reached skill level 5 in Polearms
  2283 | D:3      | Reached *** piety under Trog
  2297 | D:3      | Reached skill level 5 in Fighting
  2297 | D:3      | Reached XP level 5. HP: 29/48 MP: 4/4
  2634 | D:3      | Paralysed by an orc for 6 turns
  2785 | D:3      | Found a glowing golden altar of the Shining One.
  2789 | D:3      | Found a sacrificial altar of Ru.
  2790 | D:3      | Found a burning altar of Makhleb.
  2984 | D:3      | Reached skill level 6 in Polearms
  3151 | D:3      | Noticed a sky beast
  3161 | D:3      | Killed a sky beast
  3162 | D:3      | Reached XP level 6. HP: 55/56 MP: 5/5
  3719 | D:4      | Reached skill level 7 in Polearms
  3982 | D:4      | Reached XP level 7. HP: 62/62 MP: 6/6
  4014 | D:4      | You fall into a shaft and drop 3 floors!
  4252 | D:6      | Reached skill level 8 in Polearms
  4748 | D:5      | Entered Level 5 of the Dungeon
  5175 | D:4      | Found a blossoming altar of Fedhas.
  5182 | D:4      | Reached **** piety under Trog
  5184 | D:4      | Found a broken altar of Ashenzari.
  5187 | D:4      | Found a hazy altar of Hepliaklqana.
  5201 | D:4      | Found a snail-covered altar of Cheibriados.
  5292 | D:4      | Noticed Menkaure
  5312 | D:4      | Killed Menkaure
  5313 | D:4      | Reached skill level 9 in Polearms
  5313 | D:4      | Reached XP level 8. HP: 38/71 MP: 7/7
  6560 | D:6      | Reached skill level 10 in Polearms
  7313 | D:6      | Reached skill level 1 in Short Blades
  7579 | D:6      | Reached XP level 9. HP: 78/82 MP: 8/8
  7744 | D:6      | Found a staircase to the Ecumenical Temple.
  8389 | D:7      | Noticed a skeletal warrior
  8393 | D:7      | Noticed a phantasmal warrior
  8400 | D:7      | Noticed a death knight
  8400 | D:7      | Demolished by a phantasmal warrior

Illustrated notes

Levels and vault maps discovered:
D:1:      amcnicky_arrival_choice, layout_loops_corners, minmay_bisected
D:2:      layout_loops_ring, serial_shops, shop
D:3:      cheibrodos_fertilizer, layout_basic, minitemple,
          minmay_divided_ellipse
D:4:      layout_basic, grunt_temple_overflow_cloverleaf, uniq_menkaure
D:5:      layout_loops_corners, serial_bayou_pond_e, minmay_misc_feat_tower
D:6:      layout_gridville, lemuel_temple_firewalk_b, kennysheep_crisscross
D:7:      layout_basic

Skill      XL: |  1  2  3  4  5  6  7  8  9 |
---------------+----------------------------+-----
Fighting       | 4 5 6 8 9 |  9.1
Polearms       | 4 5 6 7 9 10 | 10.3
Axes           | 1 2 3 |  3.8
Staves         | 1 2 3 4 |  4.0
Short Blades   | 2 3 |  3.3
Armour         | |  2.4
Dodging        | |  2.1

Action                   |  1- 3 |  4- 6 |  7- 9 || total
-------------------------+-------+-------+-------++-------
Melee: Spear             |   106 |   166 |   202 ||   474
       Headbutt          |     8 |    36 |    48 ||    92
       Short sword       |       |       |    71 ||    71
Throw: Throwing net      |       |       |     1 ||     1
Invok: Berserk           |       |     2 |     4 ||     6
       Trog's Hand       |       |     1 |     1 ||     2
  Use: Scroll            |       |       |    12 ||    12
       Potion            |       |       |     4 ||     4
Armor: Plate armour      |    33 |    80 |   148 ||   261
Dodge: Dodged            |    24 |    32 |    89 ||   145
